[Event "51st La Roda Open 2025"]
[Site "La Roda"]
[Date "2025.04.17"]
[Round "5.1"]
[White "Albornoz Cabrera, Carlos Daniel"]
[Black "Fier, Alexandr"]
[Result "1/2-1/2"]
[Annotator "TA"]
[ECO "D24"]
[WhiteElo "2561"]
[BlackElo "2534"]
[PlyCount "41"]
[EventDate "2025.04.15"]
[EventType "swiss"]
[EventCountry "ESP"]
[SourceTitle "playchess.com"]
[Source "ChessBase"]
[SourceQuality "1"]
[TimeControl "5400+30"]

1. Nf3 d5 2. d4 Nf6 3. c4 e6 4. Nc3 dxc4 5. e4 b5 6. e5 $1 $14 {[%emt 0:00:04] D24: Queen's Gambit Accepted: 3 Nf3 Nf6 4 Nc3.} Nd5 7. Nxb5 Nb6 8. Be2 Nc6 9. O-O Be7 {[%emt 0:00:12] Dodges Bg5} 10. Qd2 {[%emt 0:00:41] White is more active.} Bb7 11. Rd1 Qd7 12. b3 cxb3 13. axb3 a6 14. Nc3 Nb4 {[%emt 0:00:06] Weighted Error Value: White=0.08 (flawless) /Black=0.12 (very precise)   Inaccurate:     	White=2     	Black=1      OK:         	White=2     	Black=5      Best:        	White=1     	---} 15. Ba3 $146 O-O 16. Na4 Nxa4 17. Bxb4 Bxb4 18. Qxb4 Nb6 19. Ra5 Rfd8 20. h4 h6 21. h5 {½-½ Indjic,A (2612)-Oparin,G (2654) FIDE Grand Swiss 2021 (4)} 1/2-1/2

[Event "51st La Roda Open 2025"]
[Site "La Roda"]
[Date "2025.04.17"]
[Round "5.2"]
[White "Pranav Vijay"]
[Black "Gomez Falagan, Daniel"]
[Result "1-0"]
[Annotator "RC"]
[ECO "C07"]
[WhiteElo "2252"]
[BlackElo "2254"]
[PlyCount "159"]
[EventDate "2025.04.15"]
[EventType "swiss"]
[EventCountry "ESP"]
[SourceTitle "playchess.com"]
[Source "ChessBase"]
[SourceQuality "1"]
[TimeControl "5400+30"]

1. e4 e6 2. d4 d5 3. Nd2 c5 4. Ngf3 cxd4 5. Nxd4 Nc6 6. Bb5 Bd7 7. Nxc6 bxc6 8. Bd3 Qc7 9. Qe2 Ne7 10. Nf3 Ng6 11. e5 f6 12. Bxg6+ hxg6 13. O-O Kf7 14. c4 Be7 15. Re1 g5 16. h3 Qb7 17. Bd2 Rad8 18. b3 c5 19. cxd5 Qxd5 20. Rad1 Qb7 21. exf6 gxf6 22. Bc3 Rh6 23. Nh2 Bc8 24. Rxd8 Bxd8 25. Ng4 Rg6 26. Bb2 Be7 27. Ba3 Qc6 28. Rc1 Bb7 29. f3 Bd6 30. Kh1 Qd5 31. Rd1 Qc6 32. Qd3 Be7 33. Qd7 Rg7 34. Qxc6 Bxc6 35. Rc1 Kg6 36. Bxc5 Bxc5 37. Rxc5 Bb7 38. Rc2 Rd7 39. Kg1 e5 40. Kf2 e4 41. fxe4 Bxe4 42. Re2 Bb7 43. Ke1 Rd6 44. Ne3 Re6 45. Kf2 f5 46. Rd2 Be4 47. Nc4 Kf6 48. Rd4 Ra6 49. a4 Bc2 50. Nd2 Rb6 51. a5 Rb5 52. b4 Ke6 53. Nf3 Kf6 54. Rd6+ Ke7 55. Ra6 Rb7 56. Nxg5 Bd3 57. Re6+ Kd7 58. Re3 Bc4 59. Re5 f4 60. Re4 Rxb4 61. Rxf4 Rb2+ 62. Kg3 Bd5 63. Nf3 Ra2 64. Rf5 Rxa5 65. h4 Ke6 66. Rf4 Rc5 67. Ng5+ Ke5 68. Nf3+ Ke6 69. Kg4 Rc8 70. h5 Rg8+ 71. Ng5+ Ke5 72. g3 Bb3 73. Rf5+ Kd4 74. Ra5 Rh8 75. Kh4 Bd1 76. g4 Ra8 77. h6 Bc2 78. h7 Ke3 79. Rxa7 Rh8 80. Rg7 1-0

[Event "51st La Roda Open 2025"]
[Site "La Roda"]
[Date "2025.04.17"]
[Round "5.3"]
[White "Valmana Canto, Jaime"]
[Black "Gumularz, Szymon"]
[Result "1/2-1/2"]
[Annotator "TA"]
[ECO "B11"]
[WhiteElo "2385"]
[BlackElo "2604"]
[PlyCount "41"]
[EventDate "2025.04.15"]
[EventType "swiss"]
[EventCountry "ESP"]
[SourceTitle "playchess.com"]
[Source "ChessBase"]
[SourceQuality "1"]
[TimeControl "5400+30"]

1. e4 c6 2. Nc3 d5 3. Nf3 Bg4 4. h3 Bxf3 5. Qxf3 e6 6. g3 Bc5 {[%emt 0:07:23] B11: Caro-Kann: Two Knights Variation.} 7. Bg2 Nd7 8. Qe2 d4 $146 {[%emt 0:11:31] The position is equal.} (8... Ne7 9. O-O O-O 10. d3 f5 11. exd5 exd5 12. Na4 Ng6 13. Nxc5 Nxc5 14. f4 Qf6 {½-½ Kevlishvili,R (2521)-Jumabayev,R (2585) Qatar Masters op 2023 (7)}) 9. Nb1 h5 10. h4 e5 11. d3 a5 12. Nd2 a4 13. a3 Ne7 14. Nf3 Ng6 15. Ng5 Qe7 16. Bd2 Bd6 17. O-O {[%emt 0:00:36] White is slightly better.} c5 18. c4 f6 19. Nh3 Ngf8 20. f4 {[%emt 0:00:24] White is more active.} Ne6 21. Rab1 {[%emt 0:06:56] Weighted Error Value: White=0.09 (flawless) /Black=0.13 (very precise)   Inaccurate:     	White=1     	Black=2      OK:         	White=7     	---} 1/2-1/2

[Event "51st La Roda Open 2025"]
[Site "La Roda"]
[Date "2025.04.17"]
[Round "5.4"]
[White "Suleymenov, Alisher"]
[Black "Perez Travieso, Saul"]
[Result "1-0"]
[Annotator "RC"]
[ECO "E14"]
[WhiteElo "2478"]
[BlackElo "2111"]
[PlyCount "105"]
[EventDate "2025.04.15"]
[EventType "swiss"]
[EventCountry "ESP"]
[SourceTitle "playchess.com"]
[Source "ChessBase"]
[SourceQuality "1"]
[TimeControl "5400+30"]

1. d4 Nf6 2. c4 e6 3. Nf3 Bb4+ 4. Nbd2 b6 5. a3 Bxd2+ 6. Qxd2 Bb7 7. e3 O-O 8. Be2 d6 9. b4 Ne4 10. Qc2 Nd7 11. O-O f5 12. Rd1 Rf6 13. d5 Rg6 14. dxe6 Nf8 15. c5 Nxe6 16. c6 Bc8 17. Bc4 Kh8 18. Ne5 Rf6 19. f3 N4g5 20. h4 Nf7 21. Nd7 Bxd7 22. cxd7 Rh6 23. Qxf5 Qxd7 24. Bb2 Rf8 25. Rac1 Nfd8 26. Qg4 Qe7 27. h5 c6 28. Bxe6 Rxe6 29. e4 c5 30. Rd5 Rh6 31. Rcd1 Rg8 32. bxc5 bxc5 33. Qf4 Nf7 34. Rf5 Qb7 35. Ba1 Qb3 36. Re1 Ne5 37. Bxe5 dxe5 38. Qxe5 c4 39. Qc5 Ra6 40. Rc1 Ra5 41. Qxa5 Qe3+ 42. Kh2 Qxc1 43. Qxa7 c3 44. Qc7 c2 45. Rc5 Qe1 46. Kh3 Qh1+ 47. Kg3 Qe1+ 48. Kg4 h6 49. Rxc2 g6 50. Qe5+ Rg7 51. Rc7 gxh5+ 52. Kf5 Qxe4+ 53. Kxe4 1-0

[Event "51st La Roda Open 2025"]
[Site "La Roda"]
[Date "2025.04.17"]
[Round "5.5"]
[White "Nomindalai Tumurbaatar"]
[Black "Lopez Martinez, Josep Manuel"]
[Result "0-1"]
[Annotator "RC"]
[ECO "E11"]
[WhiteElo "2211"]
[BlackElo "2460"]
[PlyCount "50"]
[EventDate "2025.04.15"]
[EventType "swiss"]
[EventCountry "ESP"]
[SourceTitle "playchess.com"]
[Source "ChessBase"]
[SourceQuality "1"]
[TimeControl "5400+30"]

1. d4 Nf6 2. c4 e6 3. g3 d5 4. Nf3 Bb4+ 5. Bd2 Be7 6. Bg2 O-O 7. O-O c6 8. Qc2 a5 9. Rd1 b6 10. Nc3 Ba6 11. b3 Nbd7 12. Bf4 Rc8 13. a3 h6 14. e4 dxc4 15. Qe2 b5 16. bxc4 bxc4 17. d5 cxd5 18. exd5 exd5 19. Nh4 Re8 20. Qd2 Bf8 21. Nxd5 Nc5 22. Qc3 Nfe4 23. Qc2 Nd3 24. Bxe4 Rxe4 25. Nc3 Rxf4 0-1

[Event "51st La Roda Open 2025"]
[Site "La Roda"]
[Date "2025.04.17"]
[Round "5.6"]
[White "Kanov, Nikola"]
[Black "Gonzalez Castillo, Jose Javier"]
[Result "1-0"]
[Annotator "RC"]
[ECO "B03"]
[WhiteElo "2413"]
[BlackElo "2297"]
[PlyCount "55"]
[EventDate "2025.04.15"]
[EventType "swiss"]
[EventCountry "ESP"]
[SourceTitle "playchess.com"]
[Source "ChessBase"]
[SourceQuality "1"]
[TimeControl "5400+30"]

1. e4 Nf6 2. e5 Nd5 3. d4 d6 4. c4 Nb6 5. exd6 cxd6 6. Nc3 g6 7. Be3 Bg7 8. Rc1 O-O 9. h3 d5 10. c5 Nc4 11. Bxc4 dxc4 12. Nge2 Bf5 13. Qa4 Bd3 14. O-O e6 15. Rfd1 Nc6 16. b3 Bxe2 17. Nxe2 cxb3 18. axb3 a5 19. Qb5 Qe7 20. d5 exd5 21. Rxd5 Ne5 22. Rcd1 Rfe8 23. Nf4 Qh4 24. Rd6 Nc6 25. Qxb7 Nb4 26. g3 Qh6 27. c6 Be5 28. Nxg6 1-0

[Event "51st La Roda Open 2025"]
[Site "La Roda"]
[Date "2025.04.17"]
[Round "5.7"]
[White "Diez Fraile, David"]
[Black "Yordanov, Lachezar"]
[Result "0-1"]
[Annotator "RC"]
[ECO "B23"]
[WhiteElo "2116"]
[BlackElo "2364"]
[PlyCount "92"]
[EventDate "2025.04.15"]
[EventType "swiss"]
[EventCountry "ESP"]
[SourceTitle "playchess.com"]
[Source "ChessBase"]
[SourceQuality "1"]
[TimeControl "5400+30"]

1. e4 c5 2. Nc3 d6 3. d4 cxd4 4. Qxd4 Nc6 5. Qd2 g6 6. b3 Bh6 7. f4 Nf6 8. Bb2 O-O 9. O-O-O e5 10. g3 Re8 11. Kb1 Nd4 12. Nge2 Bg4 13. Nxd4 exd4 14. Qxd4 Bxd1 15. Qxd1 Bg7 16. Bg2 Qb6 17. Re1 Rac8 18. Bh3 Rxc3 19. Bxc3 Nxe4 20. Bb2 Qf2 21. Kc1 d5 22. Re2 Qc5 23. Bg2 Bxb2+ 24. Kxb2 Qc3+ 25. Kb1 Re6 26. Bxe4 Rxe4 27. Qd2 Qc5 28. Kb2 h5 29. f5 Qe7 30. Rxe4 dxe4 31. fxg6 Qf6+ 32. Qc3 Qxg6 33. Kc1 Qf5 34. Qe3 a5 35. a4 Kf8 36. Kd2 Qd5+ 37. Ke2 Qc6 38. Kd2 Qd5+ 39. Ke2 Qe5 40. Qb6 Qf5 41. Qxb7 Qf3+ 42. Ke1 Qh1+ 43. Ke2 Qxh2+ 44. Kd1 Qh1+ 45. Ke2 Qf3+ 46. Ke1 Qxg3+ 0-1

[Event "51st La Roda Open 2025"]
[Site "La Roda"]
[Date "2025.04.17"]
[Round "5.8"]
[White "Mafra, Kaiser Luiz"]
[Black "Sierra Vallina, Lionel"]
[Result "0-1"]
[Annotator "RC"]
[ECO "B50"]
[WhiteElo "2098"]
[BlackElo "2342"]
[PlyCount "54"]
[EventDate "2025.04.15"]
[EventType "swiss"]
[EventCountry "ESP"]
[SourceTitle "playchess.com"]
[Source "ChessBase"]
[SourceQuality "1"]
[TimeControl "5400+30"]

1. e4 c5 2. Nc3 Nc6 3. Nf3 d6 4. b3 Nf6 5. Bb2 e6 6. g3 d5 7. d3 d4 8. Ne2 e5 9. Bg2 Be7 10. O-O O-O 11. h3 Ne8 12. Nh2 Be6 13. f4 f6 14. f5 Bf7 15. g4 b5 16. h4 c4 17. Ng3 Rc8 18. Nf3 cxd3 19. cxd3 Nb4 20. Rf2 a5 21. g5 fxg5 22. hxg5 Bxg5 23. Nxg5 Qxg5 24. Kh2 Nf6 25. Bh3 Qe3 26. Rf3 Rc2+ 27. Qxc2 Qxf3 0-1

[Event "51st La Roda Open 2025"]
[Site "La Roda"]
[Date "2025.04.17"]
[Round "5.9"]
[White "Centron Antuna, Daniel"]
[Black "Vila Dupla, Aurelio"]
[Result "1-0"]
[Annotator "RC"]
[ECO "B22"]
[WhiteElo "2299"]
[BlackElo "2055"]
[PlyCount "99"]
[EventDate "2025.04.15"]
[EventType "swiss"]
[EventCountry "ESP"]
[SourceTitle "playchess.com"]
[Source "ChessBase"]
[SourceQuality "1"]
[TimeControl "5400+30"]

1. e4 c5 2. c3 d5 3. exd5 Qxd5 4. d4 Nf6 5. Nf3 Bg4 6. dxc5 Qxd1+ 7. Kxd1 Nc6 8. b4 a5 9. b5 Ne5 10. Be2 Nxf3 11. gxf3 Bf5 12. Na3 e6 13. c6 bxc6 14. bxc6 Bc5 15. Nb5 O-O 16. Be3 Rfd8+ 17. Ke1 Bxe3 18. fxe3 Bc2 19. a4 e5 20. Kf2 Rac8 21. c7 Rd7 22. e4 Ne8 23. Rhc1 Bb3 24. c4 Nxc7 25. Nxc7 Rdxc7 26. Rc3 Rb8 27. Ra3 Rcb7 28. c5 Be6 29. c6 Rc7 30. Rc5 Ra8 31. Rac3 f6 32. Rb5 Raa7 33. Rb6 Kf8 34. Ba6 Ke7 35. Bb7 Kd6 36. Rd3+ Ke7 37. Ke3 Bc8 38. Bxc8 Rxc8 39. Rd5 Rac7 40. Rxa5 Rxc6 41. Rxc6 Rxc6 42. Ra7+ Kf8 43. Kd3 h5 44. a5 Kg8 45. Rb7 Ra6 46. Rb5 g5 47. Kc4 Kf7 48. Rb7+ Kg6 49. Kb5 Ra8 50. a6 1-0

[Event "51st La Roda Open 2025"]
[Site "La Roda"]
[Date "2025.04.17"]
[Round "5.10"]
[White "Fernandez Cano, Victor"]
[Black "Goncalves, Samuel Jesus P"]
[Result "0-1"]
[Annotator "RC"]
[ECO "D00"]
[WhiteElo "2037"]
[BlackElo "2248"]
[PlyCount "132"]
[EventDate "2025.04.15"]
[EventType "swiss"]
[EventCountry "ESP"]
[SourceTitle "playchess.com"]
[Source "ChessBase"]
[SourceQuality "1"]
[TimeControl "5400+30"]

1. d4 Nf6 2. Nf3 g6 3. Nc3 d5 4. Bf4 Bg7 5. Nb5 Na6 6. h3 Ne4 7. e3 c6 8. Na3 O-O 9. Be2 Qb6 10. Rb1 Qb4+ 11. c3 Nxc3 12. Nc2 Nxd1+ 13. Nxb4 Nxe3 14. fxe3 Nxb4 15. a3 Bf5 16. Rd1 Na6 17. Bxa6 bxa6 18. Rc1 Rac8 19. Ne5 c5 20. Rxc5 Rxc5 21. dxc5 Rc8 22. b4 f6 23. Nf3 e5 24. Bg3 a5 25. Ke2 Bf8 26. Ra1 Bd7 27. Be1 Rb8 28. Bc3 Kf7 29. Kf2 Ke6 30. Nd2 Ba4 31. Nf3 Be7 32. Ke2 Bd8 33. Ke1 Bc2 34. Kf2 a6 35. Ra2 Ba4 36. Ra1 Bc6 37. Ra2 Rb5 38. Bd2 h6 39. Ng1 f5 40. Ne2 g5 41. g4 Rb7 42. gxf5+ Kxf5 43. Ng3+ Ke6 44. Ra1 Rf7+ 45. Kg2 a4 46. Re1 Be7 47. Bc1 Rf8 48. Bd2 a5 49. Nh5 axb4 50. axb4 a3 51. Ng7+ Kf6 52. Nh5+ Kg6 53. Ng3 h5 54. Ra1 d4+ 55. Kg1 Ra8 56. Bc1 a2 57. Bb2 Bf6 58. exd4 exd4 59. Ne2 Re8 60. Nxd4 Bd5 61. c6 Rb8 62. c7 Rc8 63. Rc1 g4 64. hxg4 hxg4 65. b5 g3 66. Rc3 Bxd4+ 0-1

[Event "51st La Roda Open 2025"]
[Site "La Roda"]
[Date "2025.04.17"]
[Round "5.11"]
[White "Aishwin Daniel"]
[Black "Cano Mateos, Pablo"]
[Result "1-0"]
[Annotator "RC"]
[ECO "C11"]
[WhiteElo "2236"]
[BlackElo "2086"]
[PlyCount "83"]
[EventDate "2025.04.15"]
[EventType "swiss"]
[EventCountry "ESP"]
[SourceTitle "playchess.com"]
[Source "ChessBase"]
[SourceQuality "1"]
[TimeControl "5400+30"]

1. e4 e6 2. d4 d5 3. Nc3 Nf6 4. e5 Nfd7 5. f4 c5 6. Nf3 Nc6 7. Be3 a6 8. a3 b5 9. Bd3 Qb6 10. O-O cxd4 11. Bf2 Nc5 12. Ne2 Nxd3 13. Qxd3 b4 14. Nexd4 Nxd4 15. Bxd4 Bc5 16. Bxc5 Qxc5+ 17. Qd4 Qxd4+ 18. Nxd4 bxa3 19. Rxa3 Rb8 20. Rb3 Rxb3 21. Nxb3 Kd7 22. Kf2 Bb7 23. Ke3 Rc8 24. Nd4 f6 25. Ra1 Rf8 26. h4 h5 27. g3 Bc8 28. Ke2 Bb7 29. Ra3 Re8 30. Rb3 Kc7 31. Re3 f5 32. Rc3+ Kb6 33. Ke3 Re7 34. Rb3+ Kc7 35. Kd2 Kc8 36. Rb6 Kc7 37. Rxe6 Rf7 38. Rg6 Bc8 39. Rd6 Bb7 40. Ne6+ Kb8 41. Nd8 Re7 42. Rb6 1-0

[Event "51st La Roda Open 2025"]
[Site "La Roda"]
[Date "2025.04.17"]
[Round "5.12"]
[White "Del Rosario Silva, Dexnisi"]
[Black "Rumbos Garcia, Alejandro Daniel"]
[Result "1/2-1/2"]
[Annotator "RC"]
[ECO "B23"]
[WhiteElo "2013"]
[BlackElo "2178"]
[PlyCount "59"]
[EventDate "2025.04.15"]
[EventType "swiss"]
[EventCountry "ESP"]
[SourceTitle "playchess.com"]
[Source "ChessBase"]
[SourceQuality "1"]
[TimeControl "5400+30"]

1. e4 c5 2. Nc3 Nc6 3. Bb5 Nd4 4. Nf3 a6 5. Bd3 Nc6 6. O-O e5 7. a4 Nf6 8. Bc4 Be7 9. d3 h6 10. Nd5 d6 11. h3 g5 12. c3 Nh7 13. Ne3 Nf8 14. d4 exd4 15. cxd4 h5 16. dxc5 dxc5 17. Qxd8+ Bxd8 18. Nf5 f6 19. Nd6+ Ke7 20. Nxc8+ Rxc8 21. e5 Nxe5 22. Nxe5 fxe5 23. Bxg5+ Kd6 24. Rad1+ Kc7 25. Bxd8+ Rxd8 26. Rxd8 Kxd8 27. Re1 Nd7 28. Be6 Re8 29. Bf7 Rh8 30. Be6 1/2-1/2

[Event "51st La Roda Open 2025"]
[Site "La Roda"]
[Date "2025.04.17"]
[Round "5.13"]
[White "Redondo Flores, David"]
[Black "Santos, Antonio P"]
[Result "0-1"]
[Annotator "RC"]
[ECO "B33"]
[WhiteElo "2009"]
[BlackElo "2152"]
[PlyCount "104"]
[EventDate "2025.04.15"]
[EventType "swiss"]
[EventCountry "ESP"]
[SourceTitle "playchess.com"]
[Source "ChessBase"]
[SourceQuality "1"]
[TimeControl "5400+30"]

1. e4 c5 2. Nf3 Nc6 3. d4 cxd4 4. Nxd4 e5 5. Nb5 d6 6. a4 Be7 7. N1c3 a6 8. Na3 Nf6 9. Bg5 O-O 10. Bxf6 Bxf6 11. Nc4 Be6 12. Qxd6 Nd4 13. Qxd8 Rfxd8 14. O-O-O b5 15. Nb6 Rab8 16. Ncd5 Bg5+ 17. Kb1 bxa4 18. h4 Bh6 19. Bc4 Nb5 20. Ka1 a3 21. Ne7+ Kf8 22. Nc6 axb2+ 23. Kxb2 Nd6 24. Nxb8 Nxc4+ 25. Kc3 Rxb8 26. Nd7+ Bxd7 27. Rxd7 Rc8 28. Kb4 Bd2+ 29. Kb3 Ke8 30. Rd5 Na5+ 31. Kb2 Bc3+ 32. Kc1 Nc6 33. Rh3 Bd4 34. Rb3 a5 35. c3 Bxf2 36. h5 Rc7 37. Kb2 Ke7 38. Rdb5 Kd6 39. Rb7 g6 40. R3b5 Rxb7 41. Rxb7 Ne7 42. Kb3 f5 43. hxg6 hxg6 44. exf5 gxf5 45. Kc4 e4 46. Rb5 Nc6 47. Rxf5 Ne5+ 48. Kb3 e3 49. Rf6+ Ke7 50. Rf5 Ke6 51. Rh5 e2 52. Rh6+ Kd5 0-1

[Event "51st La Roda Open 2025"]
[Site "La Roda"]
[Date "2025.04.17"]
[Round "5.14"]
[White "Rodriguez Garcia, Manuel Francisco"]
[Black "Martinez Herranz, Francisco Jose"]
[Result "1/2-1/2"]
[Annotator "NA RC"]
[ECO "B40"]
[WhiteElo "2131"]
[BlackElo "2050"]
[PlyCount "46"]
[EventDate "2025.04.15"]
[EventType "swiss"]
[EventCountry "ESP"]
[SourceTitle "playchess.com"]
[Source "ChessBase"]
[SourceQuality "1"]
[TimeControl "5400+30"]

1. c4 e6 2. e4 c5 3. Nc3 Nc6 4. Nf3 Nd4 5. Nxd4 cxd4 6. Ne2 Nf6 7. d3 e5 8. Ng3 h5 9. h4 g6 10. Be2 Be7 11. Bg5 d6 12. Qd2 a5 13. Bd1 Bd7 14. Ne2 Bc6 15. Ng1 Nd7 16. Bxe7 Qxe7 17. Qg5 Nc5 18. Be2 b5 19. cxb5 Bxb5 20. Rd1 Ne6 21. Qd2 O-O 22. Nf3 Rfc8 23. O-O a4 1/2-1/2

[Event "51st La Roda Open 2025"]
[Site "La Roda"]
[Date "2025.04.17"]
[Round "5.15"]
[White "Rodriguez Rivera, Pedro"]
[Black "Juan Lepp, Jaime Boris"]
[Result "1/2-1/2"]
[Annotator "NA RC"]
[ECO "D02"]
[WhiteElo "2127"]
[BlackElo "2015"]
[PlyCount "97"]
[EventDate "2025.04.15"]
[EventType "swiss"]
[EventCountry "ESP"]
[SourceTitle "playchess.com"]
[Source "ChessBase"]
[SourceQuality "1"]
[TimeControl "5400+30"]

1. d4 d5 2. Bf4 e6 3. e3 Nf6 4. Nd2 Bd6 5. Bxd6 Qxd6 6. Ngf3 Nbd7 7. c4 O-O 8. cxd5 exd5 9. Qc2 Re8 10. Rc1 c6 11. Bd3 Nf8 12. O-O Ne6 13. Nb3 h6 14. Ne5 a5 15. a4 Qb4 16. Qc3 Qb6 17. Rc2 Nd7 18. Nf3 Ng5 19. Nxg5 hxg5 20. Bf5 Nf6 21. Bxc8 Ne4 22. Qd3 Raxc8 23. Nc5 Nxc5 24. Rxc5 Qd8 25. Rfc1 Ra8 26. h3 Re6 27. f3 Rd6 28. Rd1 Qb6 29. b3 Re8 30. Qc3 Rde6 31. Rd3 Qb4 32. Kf2 Qxc3 33. Rdxc3 Ra8 34. e4 dxe4 35. Rxg5 exf3 36. gxf3 Rd6 37. Ke3 Re8+ 38. Re5 Rxe5+ 39. dxe5 Rd5 40. f4 Kf8 41. Ke4 Rd1 42. f5 Rf1 43. Rc5 Rb1 44. Rc3 Rf1 45. Rd3 Ke8 46. Rg3 Kf8 47. Rd3 Ke8 48. Rg3 Kf8 49. Rd3 1/2-1/2

[Event "51st La Roda Open 2025"]
[Site "La Roda"]
[Date "2025.04.17"]
[Round "5.16"]
[White "Abdsattar, Alisher"]
[Black "Tieres, Cristiano"]
[Result "1-0"]
[Annotator "NA RC"]
[ECO "B76"]
[WhiteElo "2126"]
[BlackElo "1945"]
[PlyCount "77"]
[EventDate "2025.04.15"]
[EventType "swiss"]
[EventCountry "ESP"]
[SourceTitle "playchess.com"]
[Source "ChessBase"]
[SourceQuality "1"]
[TimeControl "5400+30"]

1. e4 c5 2. Nf3 d6 3. d4 cxd4 4. Nxd4 Nf6 5. Nc3 g6 6. Be3 Bg7 7. f3 O-O 8. Qd2 Nc6 9. O-O-O d5 10. exd5 Nxd5 11. Nxc6 bxc6 12. Bd4 Bxd4 13. Qxd4 Qb6 14. Na4 Qa5 15. b3 Be6 16. Qc5 Qc7 17. Bc4 Rfd8 18. Rd4 Nf4 19. g3 Rxd4 20. Qxd4 Bxc4 21. Qxf4 Qxf4+ 22. gxf4 Be2 23. Re1 Bxf3 24. Rxe7 Kf8 25. Rc7 h5 26. Nc5 Rd8 27. Nd3 a5 28. Ra7 Rd5 29. Ne5 Rd1+ 30. Kb2 Bd5 31. Rxa5 Rh1 32. a4 Rxh2 33. Rxd5 cxd5 34. a5 d4 35. a6 d3 36. Nxd3 Re2 37. Ne5 Rd2 38. a7 Rd8 39. Nd7+ 1-0

[Event "51st La Roda Open 2025"]
[Site "La Roda"]
[Date "2025.04.17"]
[Round "5.17"]
[White "Vinals Rioja, Jaume"]
[Black "Portero Rubio, Martin"]
[Result "1/2-1/2"]
[Annotator "NA RC"]
[ECO "A48"]
[WhiteElo "1928"]
[BlackElo "2125"]
[PlyCount "260"]
[EventDate "2025.04.15"]
[EventType "swiss"]
[EventCountry "ESP"]
[SourceTitle "playchess.com"]
[Source "ChessBase"]
[SourceQuality "1"]
[TimeControl "5400+30"]

1. d4 Nf6 2. Nf3 c5 3. e3 g6 4. Be2 Bg7 5. O-O O-O 6. Nbd2 b6 7. b3 Bb7 8. Bb2 d6 9. c4 Nbd7 10. Qc2 Rc8 11. Rac1 cxd4 12. exd4 d5 13. Qb1 Re8 14. Rfd1 Rc7 15. Bf1 Qa8 16. Ne5 Nxe5 17. dxe5 Nd7 18. Re1 Nf8 19. cxd5 Rxc1 20. Rxc1 Bxd5 21. Nc4 Be4 22. Qa1 Ne6 23. Re1 Nf4 24. f3 Bc6 25. Qc1 Ne6 26. Qe3 Rd8 27. Bd3 Nc5 28. Bc2 Rd7 29. Rd1 Rxd1+ 30. Bxd1 Ne6 31. Bc2 Qd8 32. Kf2 Qc7 33. Bb1 h5 34. g3 Bb7 35. Nd2 Kh7 36. f4 Bh6 37. h4 Nc5 38. Ba3 Qc6 39. Bxc5 Qg2+ 40. Ke1 bxc5 41. Be4 Bxe4 42. Nxe4 Qxa2 43. Nxc5 a5 44. Ne4 Qc2 45. Kf1 Kg8 46. Nd2 Bf8 47. Ke2 Qc6 48. Nc4 a4 49. Qd3 Qg2+ 50. Kd1 axb3 51. Qxb3 e6 52. Qd3 Bb4 53. Nd6 Qg1+ 54. Kc2 Qg2+ 55. Kb3 Bc5 56. Ne4 Be7 57. Kc4 Qa2+ 58. Kc3 Qa1+ 59. Kc2 Qa2+ 60. Kd1 Kg7 61. Qc2 Qa1+ 62. Ke2 Qg1 63. Kf3 Qh1+ 64. Qg2 Qc1 65. Qd2 Qf1+ 66. Qf2 Qc4 67. Qe2 Qd5 68. Qd2 Qb3+ 69. Qe3 Qb1 70. Qe2 Bd8 71. Qd2 Bb6 72. Qe2 Qg1 73. Nf2 Qc1 74. Ne4 Qh1+ 75. Qg2 Qd1+ 76. Qe2 Qd4 77. Qe1 Qd3+ 78. Kg2 Qd5 79. Kf3 Qd3+ 80. Kg2 Be3 81. Nf2 Qd5+ 82. Kh2 Qf3 83. Nh3 Bc5 84. Ng5 Qd3 85. Ne4 Bb6 86. Kg2 Be3 87. Nf2 Qd5+ 88. Kh2 Bb6 89. Ne4 Qd4 90. Kg2 Qb2+ 91. Kf3 Qc2 92. Qe2 Qb1 93. Nf2 Qg1 94. Ne4 Qh1+ 95. Qg2 Qe1 96. Qe2 Qg1 97. Nf2 Qa1 98. Ne4 Qb1 99. Nf2 Qb4 100. Ne4 Qd4 101. Nf2 Qd5+ 102. Ne4 Ba7 103. Kg2 Qb3 104. Nf2 Bc5 105. Ne4 Be7 106. Nf2 Qb4 107. Ne4 Qd4 108. Kf3 Qg1 109. Qf2 Qh1+ 110. Qg2 Qd1+ 111. Qe2 Qd5 112. Kf2 Bd8 113. Kf3 Bb6 114. Kg2 Qd4 115. Nf2 Qa1 116. Kh2 Qc1 117. Kg2 Bd8 118. Ne4 Bxh4 119. gxh4 Qxf4 120. Nd2 Qxh4 121. Nf3 Qg4+ 122. Kh2 Qf4+ 123. Kh3 g5 124. Kg2 h4 125. Nh2 Qg3+ 126. Kh1 h3 127. Ng4 Qf4 128. Kg1 Kg6 129. Qd3+ Qf5 130. Qxh3 Qb1+ 1/2-1/2

[Event "51st La Roda Open 2025"]
[Site "La Roda"]
[Date "2025.04.17"]
[Round "5.18"]
[White "Hernandez Leon, Sergio"]
[Black "Fuentes de Nova, Sebastian"]
[Result "1-0"]
[Annotator "NA RC"]
[ECO "D32"]
[WhiteElo "2123"]
[BlackElo "1902"]
[PlyCount "125"]
[EventDate "2025.04.15"]
[EventType "swiss"]
[EventCountry "ESP"]
[SourceTitle "playchess.com"]
[Source "ChessBase"]
[SourceQuality "1"]
[TimeControl "5400+30"]

1. Nf3 d5 2. b3 Nf6 3. Bb2 e6 4. c4 Be7 5. e3 c5 6. cxd5 exd5 7. d4 Nc6 8. Be2 Be6 9. O-O O-O 10. Nc3 Ne4 11. Rc1 cxd4 12. Nxd4 Nxd4 13. Qxd4 Bf6 14. Qd3 Rc8 15. Rfd1 Bxc3 16. Bxc3 Rxc3 17. Rxc3 Qf6 18. Rc2 Qxf2+ 19. Kh1 Qh4 20. Kg1 Qf2+ 21. Kh1 Qh4 22. Qd4 Bf5 23. Bd3 Rd8 24. Kg1 b6 25. Qe5 Qg5 26. Qf4 Qxf4 27. exf4 h5 28. Rc7 Bg4 29. Re1 Nc5 30. Be2 Bxe2 31. Rxe2 d4 32. Ree7 d3 33. Rxf7 Ne6 34. Rfd7 Rf8 35. Rc4 Nxf4 36. g3 Ne6 37. Rxd3 Nc5 38. Rd5 g6 39. b4 Ne6 40. Rc6 Re8 41. Rdd6 Kf7 42. a4 Re7 43. h4 Kf6 44. Rd5 Kf7 45. Kg2 Nc7 46. Rdd6 Ne6 47. Kf3 Kf6 48. Ke4 Kf7 49. Kd5 Nc7+ 50. Kd4 Ne6+ 51. Kc4 g5 52. Rd5 gxh4 53. gxh4 Ng7 54. Kb5 Ne6 55. Kc4 Ng7 56. Rcd6 Re4+ 57. Rd4 Re1 58. Rd7+ Kg8 59. Rxa7 Ne6 60. Rd6 Rc1+ 61. Kd5 Nf8 62. Rh6 Rd1+ 63. Kc4 1-0